MLB
SAN DIEGO PADRES @ CHICAGO CUBS
03/24/2044
 
TOP OF THE 1ST
San Diego Padres batting - Pitching for Chicago Cubs : RHP Randy Budgell
Pitching: RHP Randy Budgell
Batting: RHB Chiel Palstermans 0-0: Ball
1-0: Foul Ball, location: 2F
1-1: Swinging Strike
1-2: Ball
2-2: Ball
3-2: SINGLE (Line Drive, 89M, EV 105.6 MPH)
Batting: LHB Aaron LeBlanc 0-0: Called Strike
0-1: Ball
1-1: Ball
2-1: Foul Ball, location: 2F
2-2: Strikes out swinging
Batting: RHB Cesar Breceda 0-0: Ball
1-0: Foul Ball, location: 2F
1-1: Ball
2-1: Grounds into double play, 4-6-3 (Groundball, 4, EV 86.9 MPH)
Top of the 1st over - 0 runs, 1 hit, 0 errors, 0 left on base; San Diego 0 - Chicago 0
BOTTOM OF THE 1ST
Chicago Cubs batting - Pitching for San Diego Padres : RHP Toby Williams
Pitching: RHP Toby Williams
Batting: RHB Yasuhide Kasahara 0-0: Reached on error, E3 (Groundball, 3S, EV 65.6 MPH)
Batting: RHB Elijah Campbell 0-0: Ball
1-0: Grounds into double play, 5-4-3 (Groundball, 56, EV 86.9 MPH)
Batting: RHB Efrain Vargas 0-0: Foul Ball, location: 2F
0-1: Called Strike
0-2: Ball
1-2: Ball
2-2: Strikes out looking
Bottom of the 1st over - 0 runs, 0 hits, 1 error, 0 left on base; San Diego 0 - Chicago 0
TOP OF THE 2ND
San Diego Padres batting - Pitching for Chicago Cubs : RHP Randy Budgell
Batting: LHB Mike Holt 0-0: Called Strike
0-1: Foul Ball, location: 2F
0-2: Foul Ball, location: 2F
0-2: Ball
1-2: Foul Ball, location: 2F
1-2: Foul Ball, location: 2F
1-2: Foul Ball, location: 2F
1-2: Reached on error, E5 (Popup, 56S, EV 81.3 MPH)
Batting: SHB Devin Hottenstein 0-0: Called Strike
0-1: Ball
1-1: Ball
2-1: Ball
3-1: Grounds into double play, 4-6-3 (Groundball, 4, EV 83.8 MPH)
Batting: RHB Alois Wollf 0-0: Ball
1-0: Ground out 6-3 (Groundball, 6, EV 88.1 MPH)
Top of the 2nd over - 0 runs, 0 hits, 1 error, 0 left on base; San Diego 0 - Chicago 0
BOTTOM OF THE 2ND
Chicago Cubs batting - Pitching for San Diego Padres : RHP Toby Williams
Batting: RHB Kaeo Zirpoli 0-0: Ball
1-0: Called Strike
1-1: Ball
2-1: Ground out 4-3 (Groundball, 4, EV 110.0 MPH)
Batting: RHB Will Leslie 0-0: Swinging Strike
0-1: Swinging Strike
0-2: Strikes out swinging
Batting: RHB Steve Bui 0-0: Swinging Strike
0-1: Ball
1-1: DOUBLE (Line Drive, 9LD, EV 103.8 MPH)
Batting: SHB Art Kent 0-0: Called Strike
0-1: Foul Ball, location: 2F
0-2: Ball
1-2: Ground out U3 (Groundball, 3, EV 82.5 MPH)
Bottom of the 2nd over - 0 runs, 1 hit, 0 errors, 1 left on base; San Diego 0 - Chicago 0
TOP OF THE 3RD
San Diego Padres batting - Pitching for Chicago Cubs : RHP Randy Budgell
Batting: LHB Chris Moody 0-0: Ball
1-0: Ball
2-0: Ground out 5-3 (Groundball, 6, EV 84.4 MPH)
Batting: RHB Jose Morrissey 0-0: Ground out 5-3 (Groundball, 56, EV 111.3 MPH)
Batting: LHB Ryan Flynn Jr. 0-0: Ball
1-0: Swinging Strike
1-1: Ball
2-1: Foul Ball, location: 2F
2-2: Ground out 4-3 (Groundball, 4, EV 102.5 MPH)
Top of the 3rd over - 0 runs, 0 hits, 0 errors, 0 left on base; San Diego 0 - Chicago 0
BOTTOM OF THE 3RD
Chicago Cubs batting - Pitching for San Diego Padres : RHP Toby Williams
Batting: RHB Jamie Ogilvie 0-0: Ball
1-0: Ball
2-0: Called Strike
2-1: Ball
3-1: Fly out, F7 (Flyball, 78S, EV 85.6 MPH)
Batting: SHB Seung-ho Zhang 0-0: Ball
1-0: DOUBLE (Groundball, 3L, EV 107.5 MPH)
Batting: RHB Yasuhide Kasahara 0-0: Foul Ball, location: 2F
0-1: Ball
1-1: Ground out 4-3 (Groundball, 4S, EV 66.9 MPH)
Seung-ho Zhang to third
Batting: RHB Elijah Campbell 0-0: Ball
1-0: Fly out, F6 (Line Drive, 6, EV 70.6 MPH)
Bottom of the 3rd over - 0 runs, 1 hit, 0 errors, 1 left on base; San Diego 0 - Chicago 0
TOP OF THE 4TH
San Diego Padres batting - Pitching for Chicago Cubs : RHP Randy Budgell
Batting: RHB Chiel Palstermans 0-0: Ball
1-0: Fly out, F7 (Line Drive, 7, EV 90.6 MPH)
Batting: LHB Aaron LeBlanc 0-0: Swinging Strike
0-1: Ball
1-1: Foul Ball, location: 2F
1-2: Ground out U3 (Groundball, 3, EV 81.9 MPH)
Batting: RHB Cesar Breceda 0-0: Ball
1-0: Foul Ball, location: 2F
1-1: Ground out 4-3 (Groundball, 4M, EV 105.6 MPH)
Top of the 4th over - 0 runs, 0 hits, 0 errors, 0 left on base; San Diego 0 - Chicago 0
BOTTOM OF THE 4TH
Chicago Cubs batting - Pitching for San Diego Padres : RHP Toby Williams
Batting: RHB Efrain Vargas 0-0: Ball
1-0: Ball
2-0: Foul Ball, location: 2F
2-1: Ground out 4-3 (Groundball, 4S, EV 89.4 MPH)
Batting: RHB Kaeo Zirpoli 0-0: Ball
1-0: Ball
2-0: Swinging Strike
2-1: Swinging Strike
2-2: Strikes out swinging
Batting: RHB Will Leslie 0-0: Called Strike
0-1: Fly out, F9 (Flyball, 89M, EV 76.3 MPH)
Bottom of the 4th over - 0 runs, 0 hits, 0 errors, 0 left on base; San Diego 0 - Chicago 0
TOP OF THE 5TH
San Diego Padres batting - Pitching for Chicago Cubs : RHP Randy Budgell
Pitching: RHP Joe Pate
Batting: LHB Mike Holt 0-0: Ball
1-0: Ball
2-0: Swinging Strike
2-1: Foul Ball, location: 2F
2-2: Foul Ball, location: 2F
2-2: Fly out, F8 (Flyball, 8LD, EV 95.0 MPH)
Batting: SHB Devin Hottenstein 0-0: Swinging Strike
0-1: Ground out 5-3 (Groundball, 6, EV 103.1 MPH)
Batting: RHB Alois Wollf 0-0: Ground out 4-3 (Groundball, 4, EV 83.1 MPH)
Top of the 5th over - 0 runs, 0 hits, 0 errors, 0 left on base; San Diego 0 - Chicago 0
BOTTOM OF THE 5TH
Chicago Cubs batting - Pitching for San Diego Padres : RHP Toby Williams
Pitching: LHP Klaus Qvist
Batting: RHB Steve Bui 0-0: Foul Ball, location: 2F
0-1: Ball
1-1: Ball
2-1: Ground out 3-1 (Groundball, 34, EV 88.1 MPH)
Batting: SHB Art Kent 0-0: Ball
1-0: Ball
2-0: Ground out 4-3 (Groundball, 4, EV 80.6 MPH)
Batting: RHB Jamie Ogilvie 0-0: Called Strike
0-1: Ball
1-1: SOLO HOME RUN (Flyball, 7D, EV 106.3 MPH), Distance : 413 ft
Batting: SHB Seung-ho Zhang 0-0: Ball
1-0: Called Strike
1-1: Called Strike
1-2: Strikes out swinging
Bottom of the 5th over - 1 run, 1 hit, 0 errors, 0 left on base; San Diego 0 - Chicago 1
TOP OF THE 6TH
San Diego Padres batting - Pitching for Chicago Cubs : RHP Joe Pate
Batting: LHB Chris Moody 0-0: Ball
1-0: Foul Ball, location: 2F
1-1: Reached on error, E4 (Groundball, 4, EV 106.3 MPH)
Batting: RHB Jose Morrissey 0-0: Foul Ball, location: 2F
0-1: Ball
1-1: Called Strike
1-2: Foul Ball, location: 2F
1-2: Strikes out swinging
Batting: LHB Ryan Flynn Jr. 0-0: Called Strike
0-1: Ground out 6-3 (Groundball, 6M, EV 103.1 MPH)
Chris Moody to third
Batting: RHB Chiel Palstermans 0-0: Ball
1-0: Called Strike
1-1: Called Strike
1-2: Ball
2-2: Ball
3-2: Base on Balls
Batting: LHB Aaron LeBlanc 0-0: Called Strike
0-1: Ball
1-1: Foul Ball, location: 2F
1-2: Fly out, F9 (Flyball, 89XD, EV 90.0 MPH)
Top of the 6th over - 0 runs, 0 hits, 1 error, 2 left on base; San Diego 0 - Chicago 1
BOTTOM OF THE 6TH
Chicago Cubs batting - Pitching for San Diego Padres : LHP Klaus Qvist
Batting: RHB Yasuhide Kasahara 0-0: Called Strike
0-1: Foul Ball, location: 2F
0-2: Ball
1-2: Fly out, F7 (Flyball, 7, EV 75.0 MPH)
Batting: RHB Elijah Campbell 0-0: Fly out, F7 (Flyball, 7D, EV 91.3 MPH)
Batting: RHB Efrain Vargas 0-0: Ball
1-0: Foul Ball, location: 2F
1-1: Foul Ball, location: 2F
1-2: Ball
2-2: DOUBLE (Line Drive, 9LS, EV 95.0 MPH)
Batting: RHB Kaeo Zirpoli 0-0: Ball
1-0: 2-RUN HOME RUN (Line Drive, 78XD, EV 111.9 MPH), Distance : 462 ft
Pitching: RHP Raul Almonte
Batting: RHB Will Leslie 0-0: Ball
1-0: Ball
2-0: Called Strike
2-1: Foul Ball, location: 2F
2-2: Ball
3-2: Strikes out looking
Bottom of the 6th over - 2 runs, 2 hits, 0 errors, 0 left on base; San Diego 0 - Chicago 3
TOP OF THE 7TH
San Diego Padres batting - Pitching for Chicago Cubs : RHP Joe Pate
Pitching: RHP Eric Oakes
Batting: RHB Cesar Breceda 0-0: Ball
1-0: Ball
2-0: Ball
3-0: Base on Balls
Batting: LHB Mike Holt 0-0: Ball
1-0: Ball
2-0: Fielders Choice at 2nd, 4-6 (Groundball, 3, EV 86.9 MPH)
Batting: SHB Devin Hottenstein 0-0: Ball
1-0: Foul Ball, location: 2F
1-1: Ground out 6-3 (Groundball, 4D, EV 100.6 MPH)
Mike Holt to second
Batting: RHB Alois Wollf 0-0: Ball
Wild Pitch!
Mike Holt to third
1-0: Ball
2-0: Called Strike
2-1: Ball
3-1: Ground out 4-3 (Groundball, 4M, EV 105.6 MPH)
Top of the 7th over - 0 runs, 0 hits, 0 errors, 1 left on base; San Diego 0 - Chicago 3
BOTTOM OF THE 7TH
Chicago Cubs batting - Pitching for San Diego Padres : RHP Raul Almonte
Batting: RHB Steve Bui 0-0: Ball
1-0: SINGLE (Groundball, 6MD, EV 105.6 MPH)
Batting: SHB Art Kent 0-0: Ball
1-0: Ball
2-0: Foul Ball, location: 2F
2-1: 2-RUN HOME RUN (Flyball, 9LD, EV 92.5 MPH), Distance : 350 ft
Batting: RHB Jamie Ogilvie 0-0: Called Strike
0-1: Ball
1-1: Ball
2-1: Foul Ball, location: 2F
2-2: Ground out 6-3 (Groundball, 6, EV 85.0 MPH)
Batting: SHB Seung-ho Zhang 0-0: Ball
1-0: Called Strike
1-1: Ball
2-1: Swinging Strike
2-2: Ball
3-2: Foul Ball, location: 2F
3-2: Foul Ball, location: 2F
3-2: Foul Ball, location: 2F
3-2: Ground out 4-3 (Groundball, 13, EV 78.8 MPH)
Pinch Hitting: RHB Andy Wasierski 0-0: Called Strike
0-1: Ball
1-1: Swinging Strike
1-2: Strikes out looking
Bottom of the 7th over - 2 runs, 2 hits, 0 errors, 0 left on base; San Diego 0 - Chicago 5
TOP OF THE 8TH
San Diego Padres batting - Pitching for Chicago Cubs : RHP Eric Oakes
Now at SS: Andy Wasierski
Batting: LHB Chris Moody 0-0: Ground out 5-3 (Groundball, 56D, EV 99.4 MPH)
Batting: RHB Jose Morrissey 0-0: Foul Ball, location: 2F
0-1: Foul Ball, location: 2F
0-2: Foul Ball, location: 2F
0-2: Ball
1-2: Strikes out swinging
Batting: LHB Ryan Flynn Jr. 0-0: Swinging Strike
0-1: Ball
1-1: Ball
2-1: Ball
3-1: DOUBLE (Flyball, 8LXD, EV 101.9 MPH)
Pinch Hitting: RHB Alberto Cotto 0-0: Ball
1-0: Ball
2-0: Foul Ball, location: 2F
2-1: Foul Ball, location: 2F
2-2: Fly out, F7 (Flyball, 7, EV 81.9 MPH)
Top of the 8th over - 0 runs, 1 hit, 0 errors, 1 left on base; San Diego 0 - Chicago 5
BOTTOM OF THE 8TH
Chicago Cubs batting - Pitching for San Diego Padres : RHP Raul Almonte
Now at SS: Alberto Cotto
Batting: RHB Josh Kalman 0-0: Called Strike
0-1: Ball
1-1: SINGLE (Line Drive, 6D, EV 108.8 MPH)
Pinch Hitting: SHB Gerardo Flores 0-0: Ball
1-0: Ball
2-0: Grounds into double play, U6-3 (Groundball, P, EV 82.5 MPH)
Pinch Hitting: LHB Kevin Norton 0-0: Fly out, F8 (Flyball, 89XD, EV 108.1 MPH)
Bottom of the 8th over - 0 runs, 1 hit, 0 errors, 0 left on base; San Diego 0 - Chicago 5
TOP OF THE 9TH
San Diego Padres batting - Pitching for Chicago Cubs : RHP Eric Oakes
Now at 1B: Terry Tuckfard
Now in CF: Kevin Norton
Batting: LHB Per Meulengracht 0-0: Called Strike
0-1: Ball
1-1: Called Strike
1-2: Ball
2-2: Strikes out swinging
Pinch Hitting: RHB Ben Zeiler 0-0: Called Strike
0-1: Fly out, F6 (Flyball, 6MD, EV 79.4 MPH)
Pinch Hitting: LHB Andy Bowman 0-0: Fly out, F5 (Flyball, 5D, EV 90.0 MPH)
Top of the 9th over - 0 runs, 0 hits, 0 errors, 0 left on base; San Diego 0 - Chicago 5
Thursday, March 31st , 2022 - OOTP Baseball 22.12 Build 89